 Dungeon Crawl Stone Soup version 0.28-a0-2-g643f2454ad (webtiles) character file.

Game seed: 2295501612137154929

4 graki42 the Sneak (level 1, -1/11 HPs)
             Began as an Octopode Enchanter on July 22, 2021.
             Frozen to death by an endoplasm (3 damage)
             ... on level 1 of the Dungeon.
             The game lasted 00:00:31 (96 turns).

graki42 the Sneak (Octopode Enchanter)                Turns: 96, Time: 00:00:32

Health: -1/11      AC:  1    Str:  7    XL:     1   Next: 60%
Magic:  3/3        EV: 13    Int: 17    God:
Gold:   0          SH:  0    Dex: 12    Spells: 3/4 levels left

rFire   . . .      SeeInvis .   a - +1 dagger
rCold   . . .      Faith    .   (no shield)
rNeg    . . .      Spirit   .   (helmet restricted)
rPois   .          Reflect  .   (no amulet)
rElec   .          Harm     .   (no ring)
rCorr   .          Rampage  .   (no ring)
Will    .....                   (no ring)
Stlth   +++.......              (no ring)
HPRegen 0.03/turn               (no ring)
MPRegen 0.08/turn               (no ring)
                                (no ring)
                                (no ring)

@: no status effects
A: almost no armour, amphibious, 8 rings, camouflage 1, gelatinous body 1,
(nimble swimmer 1), tentacles
a: no special abilities


You were on level 1 of the Dungeon.
You visited 1 branch of the dungeon, and saw 1 of its levels.

Inventory:

Hand Weapons
 a - a +1 dagger (weapon)
Scrolls
 c - a scroll of teleportation {unknown}
Potions
 b - a potion of degeneration {unknown}


   Skills:
 + Level 1.1 Short Blades
 + Level 2.0 Dodging
 + Level 4.1 Stealth
 + Level 2.0 Spellcasting
 + Level 3.0 Hexes


You had 3 spell levels left.
You knew the following spells:

 Your Spells              Type           Power      Damage    Failure   Level
a - Corona                Hex            13%        N/A       5%          1

Your spell library contained the following spells:

 Spells                   Type           Power      Damage    Failure   Level
 Ensorcelled Hibernation  Hex/Ice        12%        N/A       16%         2
 Confusing Touch          Hex            12%        N/A       17%         3
 Tukima's Dance           Hex            12%        N/A       17%         3
 Dazzling Flash           Conj/Hex       12%        N/A       30%         3


Dungeon Overview and Level Annotations

Branches:
Dungeon (1/15)

Altars:


Innate Abilities, Weirdness & Mutations

You cannot wear most types of armour.
You are amphibious.
You can wear up to eight rings at the same time.
Your skin changes colour to match your surroundings (Stealth+).
Your rubbery body absorbs attacks. (AC +1, EV +1)
((You are camouflaged near water. (Stealth+)))
You have tentacles for arms and can constrict up to eight enemies at once.


Message History

The ball python hisses angrily.
A bat comes into view.
The ball python bites you but does no damage.
The ball python barely misses you.
You hit the ball python. You grab the ball python.
The ball python is moderately wounded.
You constrict the ball python. The ball python completely misses you.
The ball python grabs you. The ball python constricts you.
You hit the ball python.
You kill the ball python!
The bat closely misses you.
You hit the bat.
You kill the bat!
You see here a ball python corpse.
HP restored.
You see here a ball python corpse.
Found a chain mail.
c - a scroll labelled SUIHUA QIYJAXO A hobgoblin comes into view.
The hobgoblin shouts!
An endoplasm comes into view.
The hobgoblin hits you.
You barely miss the hobgoblin. Your grab misses the hobgoblin.
The hobgoblin barely misses you.
You hit the hobgoblin but do no damage. You grab the hobgoblin.
You constrict the hobgoblin, but do no damage.
The hobgoblin hits you.
You hit the hobgoblin but do no damage. You constrict the hobgoblin.
The hobgoblin closely misses you.
You hit the hobgoblin.
The hobgoblin is severely wounded.
You constrict the hobgoblin. The hobgoblin hits you.
* * * LOW HITPOINT WARNING * * *
You hit the hobgoblin.
You kill the hobgoblin!
You hit the endoplasm.
The endoplasm is moderately wounded.
The endoplasm freezes you.
You are frozen.
You die...

#######
#...J.#############
#@...##..[.....
####.##.#######
#......######
#.#.........##
......#........
###.##.#.####.##
#.##.#.# # #.##.#.#
#.#####.##.#.####.#


You could see an endoplasm.

Vanquished Creatures
  A ball python (D:1)
  A bat (D:1)
  A hobgoblin (D:1)
3 creatures vanquished.

Notes
Turn   | Place    | Note
-------+----------+-------------------------------------------
     0 | D:1      | graki42 the Octopode Enchanter began the quest for the Orb.
     0 | D:1      | Reached XP level 1. HP: 11/11 MP: 3/3
    96 | D:1      | Frozen to death by an endoplasm

Illustrated notes

Levels and vault maps discovered:
D:1:      sevenhm_arrival_forest_fort_small_5, layout_loops_ring,
          shapermc_ecumenical_altar_mp_vishouse, serial_shops,
          nicolae_square_shop

Action                   || total
-------------------------++-------
Melee: Dagger            ||     9
       Constrict         ||     2
Armor: Skin              ||     1
Dodge: Dodged            ||     5

Table legend: (Time is in decaauts)
 A = Elapsed time spent in this place.
 B = Non-inter-level travel time spent in this place.
 C = Inter-level travel time spent in this place.
 D = Time resting spent in this place.
 E = Time spent auto-exploring this place.
 F = Levels seen in this place.
 G = Mean time per level.
                   A        B        C        D        E       F      G
               +--------+--------+--------+--------+--------+-----+--------+
         Total |     95 |     95 |      0 |      0 |     78 |   1 |   95.0 |
       Dungeon |     95 |     95 |      0 |      0 |     78 |   1 |   95.0 |
               +--------+--------+--------+--------+--------+-----+--------+

Top non-repeatable levels by time:
     D:1: 95 daAuts
